 Dungeon Crawl Stone Soup version 0.28.0 (webtiles) character file.

Game seed: 10445118942164939264

16380 GrayStillPlays the Protected (level 12, -6/100 HPs)
             Began as a Demonspawn Fighter on Feb 11, 2022.
             Was a Believer of Ashenzari.
             Mangled by a seven-headed hydra (12 damage)
             ... on level 2 of the Lair of Beasts.
             The game lasted 00:46:35 (18615 turns).

GrayStillPlays the Protected (Demonspawn Fighter)  Turns: 18615, Time: 00:46:36

Health: -6/100     AC:  3    Str: 17    XL:     12   Next: 9%
Magic:  24/24      EV: 16    Int: 16    God:    Ashenzari [**....]
Gold:   589        SH:  6    Dex: 17    Spells: 22/27 levels left

rFire   . . .      SeeInvis +   u - +2 flail (protect) {mace}
rCold   + + +      Faith    .   c - +0 buckler of Cremastomancy {Self, Bglg} (curse)
rNeg    . . .      Spirit   .   t - +1 robe "Per Aspera Ad Scientiam" {rC++ Dex+4 SInv, Self, Fort} (curse)
rPois   .          Reflect  .   (helmet restricted)
rElec   .          Harm     .   (no cloak)
rCorr   .          Rampage  .   (no gloves)
Will    .....                   (no boots)
Stlth   ++........              (no amulet)
HPRegen 0.26/turn               B - ring of the Fated Restlessness {Slay+4, Bglg, Melee} (curse)
MPRegen 0.19/turn               G - ring of protection from cold

@: no status effects
A: antennae 1, powered by pain 1, big brain 1, demonic magic 2
a: Renounce Religion, Curse Item, Shatter the Chains


You were on level 2 of the Lair of Beasts.
You worshipped Ashenzari.
Ashenzari was pleased with you.
You visited 3 branches of the dungeon, and saw 12 of its levels.

You collected 589 gold pieces.


Innate Abilities, Weirdness & Mutations

You have a pair of small antennae on your head.
You sometimes gain a little power by taking damage.
You have an unusually large brain. (Int +2)
Spells you cast may paralyse nearby enemies.


   Skills:
 - Level 9.1(11.0) Fighting
 - Level 1.7(2.6) Axes
 + Level 9.2(10.5) Armour
 + Level 8.7 Dodging
 - Level 4.9(6.1) Shields
 - Level 6.3(8.2) Spellcasting
 + Level 3.9(5.7) Conjurations
 - Level 4.6 Summonings
 + Level 5.7 Evocations


You had 22 spell levels left.
You knew the following spells:

 Your Spells              Type           Power      Damage    Failure   Level
a - Call Imp              Summ           21%        N/A       3%          2
b - Mephitic Cloud        Conj/Pois/Air  12%        N/A       19%         3

Your spell library contained the following spells:

 Spells                   Type           Power      Damage    Failure   Level
 Magic Dart               Conj           96%        1d7       1%          1
 Irradiate                Conj/Tmut      7%         3d16      75%         5
 Blade Hands              Tmut           3%         N/A       98%         5
 Dragon Form              Tmut           3%         N/A       100%        7

Inventory:

Hand Weapons
 b - the +11 falchion "Buddasuj" {drain, +Blink Fly rN+ rCorr, long}
   (You found it on level 1 of the Lair of Beasts)

   A truly terrible weapon, it drains the life of any living foe it strikes.
   rN:        It protects you from negative energy.
   Fly:       It grants you flight.
   +Blink:    It lets you blink.
   rCorr:     It protects you from acid and corrosion.
 u - a +2 flail of protection (weapon) {mace}
   (You took it off Edmund on level 4 of the Dungeon)
Missiles
 e - 189 stones (quivered) {throwing}
 s - 5 poisoned darts {throwing}
 I - a curare-tipped dart {=fthrowing}
Armour
 c - the cursed +0 buckler of Cremastomancy (worn) {Self, Bglg}

   It has a curse which improves the following skills: Introspection: Fighting
   and Spellcasting.
   Beguiling: Conjurations, Hexes and Translocations.
 d - the +4 scale mail of Zin {Will++ MP+9 Int-4}
   (You found it on level 6 of the Dungeon)

   Int:       It affects your intelligence (-4).
   MP:        It affects your magic capacity (+9).
   Will:      It greatly increases your willpower.
 h - the +2 robe of an ice cave {rF+ Str+3}
   (You found it on level 1 of the Lair of Beasts)

   Str:       It affects your strength (+3).
   rF:        It protects you from fire.
 t - the cursed +1 robe "Per Aspera Ad Scientiam" (worn) {rC++ Dex+4 SInv, Self, Fort}
   (You found it on level 4 of the Dungeon)

   Dex:       It affects your dexterity (+4).
   rC:        It greatly protects you from cold.
   SInv:      It lets you see invisible.
   It has a curse which improves the following skills: Introspection: Fighting
   and Spellcasting.
   Fortitude: Armour and Shields.
Jewellery
 B - the cursed ring of the Fated Restlessness (left hand) {Slay+4, Bglg, Melee}
   (You found it on level 6 of the Dungeon)

   [ring of slaying]

   Slay:      It affects your accuracy & damage with ranged weapons and melee
   (+4).
   It has a curse which improves the following skills: Beguiling: Conjurations,
   Hexes and Translocations.
   Melee Combat: Short Blades, Long Blades, Axes, Maces & Flails, Polearms,
   Staves and Unarmed Combat.
 G - a ring of protection from cold (right hand)
   (You found it on level 8 of the Dungeon)
 K - a ring of fire
   (You found it on level 8 of the Dungeon)
 L - a ring of resist corrosion
   (You found it on level 8 of the Dungeon)
 N - a ring of flight
   (You found it on level 8 of the Dungeon)
Wands
 j - a wand of paralysis (5)
   (You found it on level 2 of the Lair of Beasts)
 k - a wand of charming (6)
   (You found it on level 6 of the Dungeon)
 w - a wand of digging (6)
   (You took it off Natasha on level 4 of the Dungeon)
 E - a wand of iceblast (4)
   (You found it on level 7 of the Dungeon)
Scrolls
 a - 4 scrolls of identify {@r1}
 g - 3 scrolls of noise {!r}
 i - a scroll of brand weapon
 x - 2 scrolls of vulnerability {!r!r}
 y - 2 scrolls of enchant armour
 A - 2 scrolls of immolation {!r!r}
 D - a scroll of holy word {!r}
 M - 4 scrolls of fog
Potions
 f - 2 potions of degeneration {!q@e2}
 l - a potion of cancellation
 n - 7 potions of curing {@q1}
 o - 2 potions of lignification {!q}
 r - a potion of attraction {!q}
 v - a potion of magic
 z - a potion of brilliance

Dungeon Overview and Level Annotations

Branches:
Dungeon (8/15)             Temple (1/1) D:5            Lair (3/6) D:8
 Shoals (0/4) Lair:3
  Snake: Lair:2-4    Spider: Lair:2-4

Altars:
Ashenzari
Cheibriados
Dithmenos
Elyvilon
Fedhas
Gozag
Hepliaklqana
Kikubaaqudgha
Makhleb
Nemelex Xobeh
Qazlal
Ru
Sif Muna
Trog
Uskayaw
Vehumet
Wu Jian
Xom
Zin
The Shining One

Shops:
D:8 *

Annotations:
D:5 1 runed translucent door, Crazy Yiuf
Lair:1 2 transporters, Kazon's ghost, journeyman DDFi
Lair:2 exclusion: obsidian statue

###..#.#.#.#.#.##
*,*
#...[.......).....*
#....#.#.#.#.#.#.#
#........>....... *
,
#...P.#.#.#.#.#.##
* ,
#..#.............#
* ..#####.#.#.#.#.#
.# #.....D...#
###...s@.##
##....P# , #....##
#####.# ##


You could see a seven-headed hydra and a culicivora.


Message History

😮 HP[-6]
You take 6 damage, and now have 58/100 hp.
You hit the seven-headed hydra but do no damage.
The seven-headed hydra misses you. The seven-headed hydra bites you.
The seven-headed hydra barely misses you.
The seven-headed hydra bites you but does no damage.
The seven-headed hydra misses you.
The seven-headed hydra closely misses you.
The seven-headed hydra bites you!
* * * LOW HITPOINT WARNING * * *
The seven-headed hydra bites you but does no damage.
The seven-headed hydra closely misses you.
The seven-headed hydra bites you but does no damage.
The seven-headed hydra bites you!
* * * LOW HITPOINT WARNING * * *
The seven-headed hydra misses you. x2
The seven-headed hydra barely misses you. 😨 HP[-28]
You take 28 damage, and now have 30/100 hp.
MASSIVE DAMAGE!! (PAUSE) 😨 HP[+1] 😨 HP[+1] 😨 HP[+1] 😨 HP[+1] 😨 HP[+1] 😨 HP[+1] 😨 HP[+1] 😨 HP[+1] 😨 HP[+1] 😨 HP[+1] 😨 HP[+1]
There is an open door here. 😨 HP[+1] 😨 HP[+1] 😨 HP[+1] 😨 HP[+1] 😨 HP[+1] 😨 HP[+1] 😨 HP[+1] 😨 HP[+1] 😨 HP[+1] 😮 HP[+1] 😮 HP[+1] 😮 HP[+1] 😮 HP[+1] 😮 HP[+1]
The seven-headed hydra bites you!
* * * LOW HITPOINT WARNING * * *
The seven-headed hydra bites you.
* * * LOW HITPOINT WARNING * * *
The seven-headed hydra bites you.
* * * LOW HITPOINT WARNING * * *
The seven-headed hydra bites you.
* * * LOW HITPOINT WARNING * * *
The seven-headed hydra closely misses you.
The seven-headed hydra barely misses you. x2 😨 HP[-23]
You take 23 damage, and now have 32/100 hp.
MASSIVE DAMAGE!! (PAUSE) 😨 HP[+1] 😨 HP[+1]
A culicivora comes into view. 😨 HP[+1] 😨 HP[+1] 😨 HP[+1]
The culicivora hisses angrily. 😨 HP[+1] 😨 HP[+1]
There is a stone staircase leading up here.
The culicivora bites you but does no damage.
The seven-headed hydra bites you.
* * * LOW HITPOINT WARNING * * *
The seven-headed hydra misses you. The seven-headed hydra bites you!
* * * LOW HITPOINT WARNING * * *
The seven-headed hydra barely misses you.
The seven-headed hydra closely misses you.
You block the seven-headed hydra's attack.
The seven-headed hydra closely misses you.
You climb upwards.
Level annotation: exclusion: obsidian statue
There is a stone staircase leading down here. 😱 HP[-15]
You take 15 damage, and now have 24/100 hp.
The culicivora completely misses you. 😱 HP[+1]
The culicivora closely misses you.
The culicivora barely misses you. 😨 HP[+1]
The seven-headed hydra bites you!
* * * LOW HITPOINT WARNING * * *
The seven-headed hydra barely misses you.
The seven-headed hydra closely misses you.
The seven-headed hydra bites you.
* * * LOW HITPOINT WARNING * * *
The seven-headed hydra bites you.
* * * LOW HITPOINT WARNING * * *
The seven-headed hydra bites you!
* * * LOW HITPOINT WARNING * * *
The seven-headed hydra bites you!
You die...

Skill      XL: |  1  2  3  4  5  6  7  8  9 10 11 |
---------------+----------------------------------+-----
Armour         | 3 4 5 6 7 9 |  9.2
Dodging        | 1 2 3 4 6 7 8 |  8.7
Shields        | 3 4 |  4.9
Spellcasting   | 1 2 3 4 6 |  6.3
Fighting       | 4 5 6 7 8 9 |  9.1
Summonings     | 3 4 |  4.6
Evocations     | 2 5 |  5.7
Conjurations   | 3 |  3.9
Axes           | |  1.7

Action                   |  1- 3 |  4- 6 |  7- 9 | 10-12 || total
-------------------------+-------+-------+-------+-------++-------
Melee: War axe           |    14 |       |       |       ||    14
       Short sword       |    95 |    77 |    31 |       ||   203
       Flail             |       |       |   355 |     5 ||   360
       Falchion          |       |       |       |   310 ||   310
Throw: Stone             |     2 |     4 |     3 |     1 ||    10
       Dart              |       |    19 |    27 |     7 ||    53
       Throwing net      |       |       |       |     1 ||     1
 Cast: Call Imp          |       |       |       |    12 ||    12
       Mephitic Cloud    |       |       |       |     1 ||     1
Invok: Curse Item        |       |       |     2 |     1 ||     3
Evoke: Wand              |       |       |     1 |     1 ||     2
  Use: Potion            |       |     1 |     1 |     4 ||     6
       Scroll            |       |       |     3 |     1 ||     4
 Stab: Sleeping          |       |       |     2 |       ||     2
       Distracted        |       |       |     1 |     1 ||     2
Armor: Scale mail        |    67 |    35 |       |       ||   102
       Robe              |       |       |   111 |    50 ||   161
Dodge: Dodged            |    59 |    37 |   281 |   272 ||   649
Block: Buckler           |    30 |    19 |   119 |   118 ||   286

Levels and vault maps discovered:
D:1:      moated_graveyard_arrival, layout_rooms, serial_shops, shop
D:2:      layout_basic, basic_altar
D:3:      layout_rooms, minmay_misc_feat_rows
D:4:      layout_basic, skrybe_limestone_x, kennysheep_cross_room, uniq_sigmund,
          uniq_natasha, uniq_grinder, uniq_edmund
D:5:      layout_rooms, mainiacjoe_overflow_surrounded_room,
          minmay_temple_entry_waves, uniq_crazy_yiuf_cottage
D:6:      layout_rooms, nicolae_overflow_hidden_temple
D:7:      layout_rooms
D:8:      minmay_skewed_foursquare, layout_loops_corners, david_lair_shrubbed,
          nicolae_shop_fire_sale [nicolae_sub_dead_trees]
Temple:   dpeg_five_rooms_temple
Lair:1:   layout_long_grid, gammafunk_ghost_berserking_beasts, basic_altar,
          serial_bayou_shore_a, infiniplex_staircase_pool
Lair:2:   statuecave_lemuel, layout_cave_pods, cheibrodos_lair_caveside_slide,
          st_stairs_11, chequers_serial_rivers_small_a, nicolae_lair_lil_pond,
          grunt_megastairs_4, lemuel_fruit_fields
Lair:3:   layout_regular_city, elwin_shoals_entry_rocks,
          nicolae_spider_entry_tight_spaces, serial_bayou_shore_b

Notes
Turn   | Place    | Note
-------+----------+-------------------------------------------
     0 | D:1      | GrayStillPlays the Demonspawn Fighter began the quest for
                  | the Orb.
     0 | D:1      | Reached XP level 1. HP: 18/18 MP: 1/1
     0 | D:1      | magus.rc [v1.9.6]
   239 | D:1      | Gained mutation: You have a pair of small antennae on your
                  | head. [demonic ancestry]
   239 | D:1      | Reached XP level 2. HP: 20/24 MP: 2/2
   380 | D:1      | Found Ogry's General Store.
   848 | D:2      | Reached skill level 3 in Armour
   848 | D:2      | Reached skill level 1 in Dodging
   848 | D:2      | Reached skill level 3 in Shields
   848 | D:2      | Gained mutation: Spells you cast may paralyse adjacent
                  | enemies. [demonic ancestry]
   848 | D:2      | Reached XP level 3. HP: 29/29 MP: 4/4
   890 | D:2      | Reached skill level 1 in Spellcasting
  1231 | D:2      | Found a broken altar of Ashenzari.
  1592 | D:2      | Reached XP level 4. HP: 28/35 MP: 5/5
  2258 | D:2      | Became a worshipper of Ashenzari the Shackled
  3094 | D:4      | Identified the +1 robe "Ileveru" {rC++ Dex+4 SInv}
  3151 | D:4      | Noticed Natasha
  3156 | D:4      | Killed Natasha
  3157 | D:4      | Gained mutation: Spells you cast may paralyse nearby
                  | enemies. [demonic ancestry]
  3157 | D:4      | Reached XP level 5. HP: 34/42 MP: 7/7
  3228 | D:4      | Noticed Grinder
  3242 | D:4      | Killed Grinder
  3243 | D:4      | Reached skill level 4 in Fighting
  3243 | D:4      | Reached skill level 2 in Dodging
  3243 | D:4      | Reached skill level 2 in Spellcasting
  3243 | D:4      | Reached XP level 6. HP: 48/48 MP: 7/9
  3558 | D:4      | Noticed Natasha
  3564 | D:4      | Killed Natasha
  3706 | D:4      | Noticed Sigmund
  3716 | D:4      | Killed Sigmund
  3717 | D:4      | Reached skill level 4 in Armour
  3717 | D:4      | Reached skill level 3 in Dodging
  3717 | D:4      | Reached skill level 4 in Shields
  3717 | D:4      | Reached XP level 7. HP: 45/55 MP: 9/11
  4116 | D:4      | Reached skill level 3 in Spellcasting
  4350 | D:4      | Noticed Natasha
  4356 | D:4      | Noticed Edmund
  4358 | D:4      | Killed Natasha
  4554 | D:4      | Killed Edmund
  4738 | D:5      | Entered Level 5 of the Dungeon
  4782 | D:5      | Found a staircase to the Ecumenical Temple.
  5059 | D:4      | Reached skill level 5 in Fighting
  5319 | Temple   | Entered the Ecumenical Temple
  5674 | D:5      | Reached XP level 8. HP: 34/62 MP: 13/13
  5954 | D:5      | HP: 15/62 [iguana (5)]
  5961 | D:5      | HP: 9/62 [water moccasin skeleton (2)]
  6380 | D:5      | Found a shadowy altar of Dithmenos.
  6446 | D:5      | Found a runed translucent door.
  6447 | D:5      | Noticed Crazy Yiuf
  6797 | D:6      | You pick up a book of Minor Magic and begin reading...
  6797 | D:6      | You add the spells Magic Dart, Call Imp and Mephitic Cloud
                  | to your library.
  6836 | D:6      | Reached skill level 5 in Armour
  6836 | D:6      | Reached skill level 4 in Dodging
  7040 | D:6      | Reached skill level 4 in Spellcasting
  7499 | D:6      | Identified the +4 scale mail of Zin {Will++ MP+9 Int-4}
  7769 | D:6      | Reached skill level 6 in Fighting
  7949 | D:7      | Reached * piety under Ashenzari
  8033 | D:7      | Gained mutation: You have an unusually large brain. (Int
                  | +2) [demonic ancestry]
  8033 | D:7      | Reached XP level 9. HP: 69/72 MP: 16/18
  8145 | D:7      | Identified a +1 robe of the Archmagi
  8627 | D:7      | Reached skill level 5 in Dodging
  8907 | D:8      | Found Ybin's Fire Supplies.
  9292 | D:8      | Reached skill level 5 in Spellcasting
  9625 | D:8      | Reached skill level 6 in Armour
  9734 | D:8      | Noticed a komodo dragon
  9743 | D:8      | Killed a komodo dragon
  9875 | D:8      | Noticed a troll
  9883 | D:8      | Killed a troll
  9884 | D:8      | Reached skill level 7 in Fighting
  9940 | D:8      | Found a staircase to the Lair.
 10107 | D:8      | HP: 15/75 [wyvern (11)]
 10108 | D:8      | HP: 4/75 [wyvern (12)]
 10701 | D:8      | Reached skill level 6 in Dodging
 10840 | D:8      | Reached skill level 6 in Spellcasting
 11260 | D:8      | Reached XP level 10. HP: 76/82 MP: 21/21
 11649 | Lair:1   | Entered Level 1 of the Lair of Beasts
 11649 | Lair:1   | Identified the +11 falchion "Buddasuj" {drain, +Blink Fly
                  | rN+ rCorr}
 11649 | Lair:1   | Identified the +2 robe of an ice cave {rF+ Str+3}
 11652 | Lair:1   | Noticed an elephant
 11652 | Lair:1   | Noticed an elephant
 11653 | Lair:1   | Noticed an elephant
 11656 | Lair:1   | Noticed an elephant
 11656 | Lair:1   | Noticed an elephant
 11659 | Lair:1   | Noticed an elephant
 11679 | Lair:1   | Noticed a cane toad
 11681 | Lair:1   | Noticed a cane toad
 11684 | Lair:1   | Noticed a black mamba
 11950 | Lair:1   | Reached ** piety under Ashenzari
 11992 | Lair:1   | Killed an elephant
 11993 | Lair:1   | Reached skill level 7 in Armour
 12209 | Lair:1   | Learned a level 2 spell: Call Imp
 12234 | Lair:1   | Killed a cane toad
 12235 | Lair:1   | Reached skill level 1 in Summonings
 12459 | Lair:1   | Killed a black mamba
 12460 | Lair:1   | Reached skill level 8 in Fighting
 12528 | Lair:1   | Reached skill level 2 in Summonings
 12821 | Lair:1   | Noticed a moth of wrath
 12832 | Lair:1   | Killed a cane toad
 12833 | Lair:1   | Reached skill level 1 in Evocations
 13134 | Lair:1   | Killed an elephant
 13135 | Lair:1   | Reached skill level 7 in Dodging
 13135 | Lair:1   | Reached skill level 3 in Summonings
 13283 | Lair:1   | Found a transporter.
 13290 | Lair:1   | Noticed a moth of wrath
 13358 | Lair:2   | Killed an elephant
 13359 | Lair:2   | Reached skill level 2 in Evocations
 13510 | Lair:1   | Found a shimmering altar of Xom.
 13744 | Lair:1   | Killed an elephant
 13840 | Lair:1   | Killed an elephant
 13841 | Lair:1   | Gained mutation: You sometimes gain a little power by
                  | taking damage. [demonic ancestry]
 13841 | Lair:1   | Reached XP level 11. HP: 72/92 MP: 23/23
 13849 | Lair:1   | Reached skill level 8 in Armour
 13961 | Lair:1   | Reached skill level 3 in Evocations
 13966 | Lair:1   | Reached skill level 4 in Summonings
 14229 | Lair:1   | Found a transporter.
 14240 | Lair:1   | Identified the amulet of Liriyrea {Reflect Regen+ Dex+4
                  | SH+5 SInv}
 14942 | Lair:1   | Noticed Kazon's ghost (journeyman DDFi)
 15134 | Lair:2   | Reached skill level 9 in Fighting
 15309 | Lair:2   | HP: 23/93 [poisoned by a water moccasin]
 15314 | Lair:2   | HP: 20/93 [poisoned by a water moccasin]
 15327 | Lair:1   | HP: 22/93 [wolf (4)]
 15839 | Lair:2   | Reached skill level 4 in Evocations
 16178 | Lair:2   | Noticed an obsidian statue
 16178 | Lair:2   | Identified the Incunabulum of Clay
 16271 | Lair:2   | Reached skill level 1 in Conjurations
 16284 | Lair:2   | Reached skill level 8 in Dodging
 16284 | Lair:2   | HP: 17/93 [yak (13)]
 16607 | Lair:2   | Noticed a catoblepas
 16792 | Lair:2   | HP: 14/93 [catoblepas (15)]
 16793 | Lair:2   | Killed a catoblepas
 16794 | Lair:2   | Reached skill level 2 in Conjurations
 17237 | Lair:2   | You pick up a book of Transfigurations {@e2} and begin
                  | reading...
 17237 | Lair:2   | You add the spells Irradiate, Blade Hands and Dragon Form
                  | to your library.
 17262 | Lair:2   | Learned a level 3 spell: Mephitic Cloud
 17435 | Lair:2   | Reached skill level 5 in Evocations
 17437 | Lair:2   | Reached skill level 3 in Conjurations
 17445 | Lair:2   | Reached skill level 9 in Armour
 17735 | Lair:2   | Noticed a catoblepas
 18216 | Lair:3   | Reached XP level 12. HP: 69/100 MP: 24/24
 18470 | Lair:3   | Found a staircase to the Shoals.
 18471 | Lair:3   | Noticed a seven-headed hydra
 18607 | Lair:3   | HP: 24/100 [seven-headed hydra (9)]
 18615 | Lair:2   | HP: 19/100 [seven-headed hydra (7)]
 18615 | Lair:2   | HP: 6/100 [seven-headed hydra (9)]
 18615 | Lair:2   | Mangled by a seven-headed hydra

Vanquished Creatures
  A catoblepas (Lair:2)
  9 elephants
  6 cane toads
  A black mamba (Lair:1)
  2 rime drakes (Lair:3)
  7 komodo dragons
  A polar bear (Lair:1)
  A troll (D:8)
  Grinder (D:4)
  Sigmund (D:4)
  2 wyverns
  18 yaks
  3 basilisks
  A steam dragon (D:7)
  Edmund (D:4)
  6 water moccasins
  5 orc warriors
  2 ogres
  4 wolves
  A centaur (D:8)
  2 kobold brigands
  12 bullfrogs
  2 scorpions
  2 wyvern skeletons
  A water moccasin skeleton (D:5)
  A killer bee (D:8)
  3 electric eels
  3 howler monkeys (D:8)
  2 jellies
  3 bullfrog skeletons (D:6)
  A hound (D:7)
  A gnoll shaman (D:7)
  4 orc priests
  5 iguanas
  Natasha (thrice) (D:4)
  8 orc wizards
  A killer bee zombie (D:6)
  A hound skeleton (D:4)
  A hound zombie (D:5)
  A howler monkey zombie (D:7)
  4 gnolls (D:7)
  7 adders
  A shadow imp (D:7)
  2 white imps
  3 worms
  2 dart slugs
  15 orcs
  3 ball pythons
  6 endoplasms
  6 goblins
  4 hobgoblins
  6 jackals (D:3)
  5 quokkas
  9 bats
  A frilled lizard (D:2)
  10 kobolds
214 creatures vanquished.

Vanquished Creatures (collateral kills)
  A bullfrog (Lair:1)
1 creature vanquished.

Vanquished Creatures (others)
  An orc wizard (D:6)
  35 fungi
  68 plants
104 creatures vanquished.

Grand Total: 319 creatures vanquished

Table legend:
 A = Non-vault XP
 B = Vault XP
 C = Vault XP percentage of total XP
 D = Non-vault monster count
 E = Vault monster count
 F = Vault count percentage of total count
                 A         B        C        D         E       F
            +---------+---------+-------+---------+---------+-------
      Total |   18226 |    5174 |  22.1 |     193 |      23 |  10.6
            +---------+---------+-------+---------+---------+-------
        D:1 |      36 |       0 |   0.0 |      20 |       0 |   0.0
        D:2 |      74 |       0 |   0.0 |      21 |       0 |   0.0
        D:3 |      81 |       0 |   0.0 |      14 |       0 |   0.0
        D:4 |     376 |     687 |  64.6 |      12 |       4 |  25.0
        D:5 |     568 |       0 |   0.0 |      16 |       0 |   0.0
        D:6 |     747 |       0 |   0.0 |      16 |       0 |   0.0
        D:7 |     623 |       0 |   0.0 |      16 |       0 |   0.0
        D:8 |    1404 |     938 |  40.1 |      21 |       6 |  22.2
     Lair:1 |    7591 |       0 |   0.0 |      29 |       0 |   0.0
     Lair:2 |    4152 |    3549 |  46.1 |      20 |      13 |  39.4
     Lair:3 |    2574 |       0 |   0.0 |       8 |       0 |   0.0
            +---------+---------+-------+---------+---------+-------

Illustrated notes

Table legend:
 A = Kills in this place as a percentage of kills in entire the game.
 B = Kills by you in this place as a percentage of kills by you in the entire game.
 C = Kills by friends in this place as a percentage of kills by friends in the entire game.
 D = Other kills in this place as a percentage of other kills in the entire game.
 E = Experience gained in this place as a percentage of experience gained in the entire game.
 F = Experience gained in this place divided by the number of levels of this place that you have seen.
                   A       B       C       D       E      F
               +-------+-------+-------+-------+-------+----------------------
         Total | 100.0 | 100.0 | 100.0 | 100.0 | 100.0 | 1950.0
       Dungeon |  67.6 |  67.8 |   0.0 | 100.0 |  23.6 | 691.8
          Lair |  32.4 |  32.2 | 100.0 |   0.0 |  76.4 | 5955.3
               +-------+-------+-------+-------+-------+----------------------

Table legend: (Time is in decaauts)
 A = Elapsed time spent in this place.
 B = Non-inter-level travel time spent in this place.
 C = Inter-level travel time spent in this place.
 D = Time resting spent in this place.
 E = Time spent auto-exploring this place.
 F = Levels seen in this place.
 G = Mean time per level.
                   A        B        C        D        E       F      G
               +--------+--------+--------+--------+--------+-----+--------+
         Total |  18911 |  18066 |    845 |   6018 |   8392 |  12 | 1575.9 |
       Dungeon |  12231 |  11494 |    737 |   2892 |   6836 |   8 | 1528.9 |
        Temple |    291 |    243 |     48 |      0 |    227 |   1 |  291.0 |
          Lair |   6388 |   6328 |     60 |   3126 |   1329 |   3 | 2129.3 |
               +--------+--------+--------+--------+--------+-----+--------+

Top non-repeatable levels by time:
     D:8: 3287 daAuts
  Lair:1: 2874 daAuts
  Lair:2: 2654 daAuts
     D:4: 1858 daAuts
     D:5: 1572 daAuts
     D:2: 1464 daAuts
     D:7: 1183 daAuts
     D:3: 1066 daAuts
     D:6: 975 daAuts
  Lair:3: 859 daAuts
     D:1: 823 daAuts
  Temple: 291 daAuts
